AoeStats
← Chitreano

Lombardia

510239753Analyzed
3v3 RM · 1d ago on Sep 30, 2026· 54m 30s· 6 players
Game mode
Random Map
Map size
Normal (6 player)
Population
200
Speed
Normal
Resources
Standard
Victory
Conquest
Starting age
Dark Age
Ending age
Imperial Age
RankedLock teamsTeams togetherTeam positionsShared explorationLock speedFull tech treeHidden civsTurbo modeCheats
Victory
Defeat
🇨🇦 Muisca · Canada
1221
+15
🇵🇦 Saracens · Panama
1198
+16
🇵🇦 Mongols · Panama
1173
+17
🇺🇸 Hindustanis · United States
1350
-22
🇺🇸 Varangians · United States
1151
-14
🇺🇸 Magyars · United States
1089
-12
DEMLOUDBOYZ
9:33 Feudal Age
10:06 Double-Bit Axe
14:50 Forging
15:44 Scale Barding Armor
19:07 Bloodlines
19:38 Wheelbarrow
19:19 Horse Collar
23:22 Castle Age
21:41 Gold Mining
24:27 Bow Saw
23:39 Light Cavalry
24:22 Husbandry
24:45 Chain Barding Armor
25:31 Heavy Plow
26:13 Gold Shaft Mining
30:28 Stone Mining
32:03 Hand Cart
35:01 Imperial Age
32:20 Loom
33:16 Iron Casting
35:07 Hussar
35:58 Grand Trunk Road
36:57 Plate Barding Armor
37:56 Blast Furnace
37:08 Heavy Camel Rider
40:02 Conscription
40:46 Caravan
41:28 Imperial Camel Rider
45:11 Chemistry
44:22 Masonry
45:37 Two-Man Saw
45:05 Scale Mail Armor
44:54 Elite Ghulam
46:03 Chain Mail Armor
SaltyNCO
3:39 Loom
10:43 Feudal Age
12:52 Bloodlines
22:47 Castle Age
22:13 Arson
22:34 Scale Mail Armor
22:44 Forging
22:19 Horse Collar
22:28 Double-Bit Axe
24:14 Wheelbarrow
24:44 Gold Mining
24:45 Stone Mining
27:47 Bow Saw
28:06 Heavy Plow
29:19 Husbandry
28:44 Pikeman
29:26 Squires
31:34 Elite Skirmisher
35:24 Ballistics
34:59 Fletching
35:10 Padded Archer Armor
37:55 Imperial Age
37:05 Vendel Legacy
38:58 Cranequins
40:54 Chemistry
39:59 Cavalier
42:28 Two-Man Saw
42:02 Scale Barding Armor
43:16 Siege Engineers
45:24 Caravan
46:13 Bodkin Arrow
46:34 Leather Archer Armor
47:14 Hand Cart
48:31 Ring Archer Armor
48:03 Bracer
49:15 Iron Casting
49:57 Chain Barding Armor
54:44 Blast Furnace
M ZOMBIENIGHT
1:52 Loom
11:14 Feudal Age
13:53 Bloodlines
14:24 Scale Barding Armor
17:28 Horse Collar
20:37 Castle Age
19:07 Double-Bit Axe
21:34 Husbandry
20:54 Light Cavalry
24:41 Chain Barding Armor
26:02 Gold Mining
29:32 Thumb Ring
29:27 Fletching
29:37 Padded Archer Armor
30:39 Wheelbarrow
29:50 Town Watch
30:18 Bodkin Arrow
31:00 Stone Mining
32:44 Leather Archer Armor
34:54 Bow Saw
35:52 Gold Shaft Mining
37:17 Ballistics
37:18 Fervor
40:48 Imperial Age
39:52 Guard Tower
40:14 Careening
40:01 Murder Holes
40:18 Masonry
40:33 Herbal Medicine
42:06 Recurve Bow
42:37 Parthian Tactics
44:05 Two-Man Saw
43:10 Heavy Plow
42:42 Heavy Cavalry Archer
44:24 Corvinian Army
47:37 Plate Barding Armor
48:20 Bracer
48:51 Ring Archer Armor
48:31 Elite Magyar Huszar
50:49 Conscription
52:53 Caravan
OnlyFarms
9:45 Feudal Age
12:27 Fletching
12:44 Double-Bit Axe
14:33 Loom
15:24 Wheelbarrow
23:47 Castle Age
24:40 Bodkin Arrow
24:10 Crossbowman
27:20 Gold Mining
28:33 Ballistics
30:26 Masonry
30:50 Padded Archer Armor
31:48 Stone Mining
41:49 Imperial Age
40:00 Leather Archer Armor
39:58 Thumb Ring
41:21 Fortified Wall
42:04 Arbalester
43:53 Bracer
44:05 Elite Skirmisher
45:38 Ring Archer Armor
46:47 Chemistry
45:39 Horse Collar
Chitreano
8:03 Loom
10:19 Feudal Age
12:58 Double-Bit Axe
23:50 Castle Age
25:15 Gold Mining
25:54 Pikeman
30:20 Bow Saw
31:25 Gold Shaft Mining
31:35 Wheelbarrow
30:45 Town Watch
32:02 Fletching
32:13 Padded Archer Armor
34:45 Bodkin Arrow
35:59 Stone Mining
37:10 Ballistics
38:02 Hand Cart
37:47 Town Patrol
40:01 Leather Archer Armor
39:56 Nomads
42:43 Imperial Age
42:01 Scale Barding Armor
42:06 Forging
42:17 Husbandry
42:27 Bloodlines
43:13 Heavy Camel Rider
44:06 Arson
44:49 Conscription
44:33 Horse Collar
50:38 Chain Barding Armor
50:54 Iron Casting
TrueDisplay
7:42 Loom
9:53 Feudal Age
11:01 Double-Bit Axe
12:39 Fletching
22:04 Castle Age
21:26 Stone Mining
21:17 Horse Collar
21:31 Gold Mining
22:13 Crossbowman
23:06 Forging
22:54 Bodkin Arrow
28:45 Thumb Ring
28:42 Padded Archer Armor
31:33 Leather Archer Armor
33:44 Ballistics
37:31 Imperial Age
36:00 Wheelbarrow
35:39 Bow Saw
37:40 Hand Cart
37:31 Arbalester
39:15 Chemistry
38:18 Bracer
39:53 Huaracas
46:57 Conscription
Connection lost

Rejoining the realm…

Still unreachable

The connection could not be restored.

Session expired

The server has moved on; the page needs a fresh start.